 Dungeon Crawl Stone Soup version 0.30-a0-23-ge60ba3568b (webtiles) character file.

Game seed: 3741929022700981137

13698 SensoryNuts the Severer (level 11, -6/145 HPs)
             Began as a Minotaur Fighter on Aug 25, 2022.
             Mangled by Rupert
             ... wielding a +5 great mace of protection
              (20 damage)
             ... on level 1 of the Orcish Mines.
             The game lasted 00:21:31 (16766 turns).

SensoryNuts the Severer (Minotaur Fighter)         Turns: 16766, Time: 00:21:32

Health: -6/145     AC: 25    Str: 31 (32) XL:     11   Next: 79%
Magic:  10/10      EV:  2    Int:  3      God:
Gold:   1312       SH:  5    Dex: 11 (14) Spells: 10/10 levels left

rFire   . . .      SeeInvis .    a - +0 war axe (freeze)
rCold   + . .      Faith    .    c - +0 buckler
rNeg    + . .      Spirit   .    (body armour currently unavailable)
rPois   +          Reflect  .    (helmet currently unavailable)
rElec   +          Harm     .    (cloak currently unavailable)
rCorr   .          Rampage  .    (gloves currently unavailable)
Will    .....      NoTele   +    (boots currently unavailable)
Stlth   +.........               (no amulet)
HPRegen 0.34/turn                o - ring of the Soothsayer {*Slow rElec rC+ rN+ Str+5}
MPRegen 0.12/turn                y - +6 ring of strength

@: tree-form
A: stationary, stasis, torment immunity, boosted hp, (horns 2), (retaliatory
headbutt), deterioration 1, dopey 1, wild magic 1
a: no special abilities


You were on level 1 of the Orcish Mines.
You were a tree.
You visited 4 branches of the dungeon, and saw 16 of its levels.
You also visited: Bailey.

You collected 2237 gold pieces.
You spent 925 gold pieces at shops.

Inventory:

Hand Weapons
 a - a +0 war axe of freezing (weapon)
Armour
 c - a +0 buckler (worn)
 d - a +0 pair of gloves (melded)
 g - a +2 hat (melded)
 h - a +2 plate armour (melded)
 s - a scarf of repulsion (melded)
Jewellery
 i - a ring of protection from fire
 j - a ring of ice
 o - the ring of the Soothsayer (left branch) {*Slow rElec rC+ rN+ Str+5}
   (You bought it in a shop on level 3 of the Dungeon)

   [ring of protection from cold]

   Str:       It affects your strength (+5).
   rC:        It protects you from cold.
   rElec:     It insulates you from electricity.
   rN:        It protects you from negative energy.
   *Slow:     It may slow you when you take damage.
 q - a ring of resist corrosion
 w - a ring of fire
 y - a +6 ring of strength (right branch)
 A - a ring of willpower
Wands
 k - a wand of polymorph (4)
Scrolls
 e - a scroll of magic mapping
 f - 3 scrolls of noise
 l - 4 scrolls of butterflies
 p - 6 scrolls of teleportation
 u - 7 scrolls of identify
 v - a scroll of silence
 z - 2 scrolls of enchant armour
Potions
 b - a potion of degeneration
 m - a potion of lignification
 n - a potion of mutation
 r - a potion of magic
 t - a potion of flight
 x - a potion of brilliance


   Skills:
 + Level 9.3 Fighting
 * Level 16.9 Axes
 + Level 11.7 Armour
 + Level 1.5 Dodging
 + Level 0.7 Stealth
 + Level 6.5 Shields


You had 10 spell levels left.
You didn't know any spells.
Your spell library contained the following spells:

 Spells                   Type           Power      Damage    Failure   Level
 Magic Dart               Conj           0%         1d3       69%         1
 Sting                    Tmut/Pois      0%         1d3       69%         1
 Call Imp                 Summ           0%         N/A       82%         2
 Poisonous Vapours        Pois/Air       0%         N/A       82%         2
 Dazzling Flash           Conj/Hex       0%         N/A       96%         3
 Mephitic Cloud           Conj/Pois/Air  0%         N/A       96%         3
 Airstrike                Air            0%         2d(0-16)  100%        4
 Leda's Liquefaction      Hex/Erth       0%         N/A       100%        4
 Olgreb's Toxic Radiance  Pois           0%         N/A       100%        4
 Passage of Golubria      Tloc           0%         N/A       100%        4
 Summon Lightning Spire   Summ/Air       0%         N/A       100%        4
 Agony                    Necr           0%         N/A       100%        5
 Lee's Rapid Deconstruct  Erth           0%         3d5*      100%        5
 Lightning Bolt           Conj/Air       0%         1d11      100%        5
 Silence                  Hex/Air        0%         N/A       100%        5
 Statue Form              Tmut/Erth      0%         N/A       100%        6
 Lehudib's Crystal Spear  Conj/Erth      0%         10d2      100%        8


Dungeon Overview and Level Annotations

Branches:
Dungeon (11/15)            Temple (1/1) D:6            Lair (2/5) D:8
    Orc (2/2) D:9          Bailey (visited)
  Swamp: Lair:2-3    Shoals: Lair:2-3     Snake: Lair:2-3    Spider: Lair:2-3
    Elf: Orc:2

Altars:
Ashenzari
Cheibriados
Dithmenos
Elyvilon
Fedhas
Gozag
Hepliaklqana
Kikubaaqudgha
Makhleb
Nemelex Xobeh
Okawaru
Qazlal
Ru
Sif Muna
Trog
Uskayaw
Vehumet
Wu Jian
Xom
Yredelemnul
Zin
The Shining One

Shops:
D:3 =   D:9 =

Portals:
Trove: D:10 (give 14 potions of curing)

Annotations:
Orc:1 1 runed translucent door, Buenoph's ghost, journeyman DrCj; Rupert


Innate Abilities, Weirdness & Mutations

You are a tree.
Your roots penetrate the ground, keeping you stationary.
You cannot be teleported.
You are immune to unholy pain and torment.
Your maximum health is greatly increased.
Your equipment is partially melded.
((You have a pair of horns on your head.))
((You reflexively headbutt those who attack you in melee.))
Your body sometimes deteriorates upon taking damage.
You are dopey. (Int -2)
Your spells are a little harder to cast, but a little more powerful.


Message History

Your body deteriorates!
You feel clumsy. The orc warrior barely misses you.
The orc hits you but does no damage. x2
There is a stone staircase leading up, spattered with blood here.
You block Rupert's attack.
The orc warrior hits you with a +0 war axe!
Your body deteriorates!
You feel clumsy. The orc barely misses you. You furiously retaliate!
You headbutt the orc!
You kill the orc!
The orc hits you with a +0 falchion. You block the orc warrior's attack.
You climb upwards.
Level annotation: 1 runed translucent door, Buenoph's ghost, journeyman DrCj
There is a stone staircase leading down here.
Unknown command.
Really quaff the potion of lignification?
You turn into a tree.
Your scarf of repulsion melds into your body.
Your +2 hat melds into your body.
Your +0 pair of gloves melds into your body.
Your +2 plate armour melds into your body.
The haze of the repulsion field disappears.
Your roots penetrate the ground.
Rupert hits you with a +5 great mace of protection!!
Your body deteriorates!
You feel weakened.
The orc warrior hits you but does no damage.
You block the orc's attack.
Rupert hits you with a +5 great mace of protection!
You slice Rupert!! You freeze Rupert!
Rupert is lightly wounded.
You hit the orc warrior but do no damage.
You hit the orc. You freeze the orc.
Rupert hits you with a +5 great mace of protection!!
* * * LOW HITPOINT WARNING * * *
You hit Rupert but do no damage.
Rupert is lightly wounded.
You closely miss the orc warrior. You slash the orc! You freeze the orc.
You kill the orc!
The orc warrior hits you with a +0 war axe!
* * * LOW HITPOINT WARNING * * *
Rupert hits you with a +5 great mace of protection!!
You die...

##...................##.######
#........................#
##.#....................##
####.#...........#.#...#
#####......#.....##.########
###.#...............####.##..##
##<..................###......^#
#....#.........@o.....###.....##
##..............♣)...#........##
#.......#......#...............#
##.#.#.#.##...##........#......#
#.#...........................##
...........................>...#
#.#.....#......................#
#####..#........##.............#
# ##.....#.....#.............# #
##....#.#..........#........#


You could see Rupert (berserk) and an orc warrior.

Vanquished Creatures
  2 two-headed ogres (D:9)
  An ugly thing (D:11)
  2 gargoyles
  A torpor snail (Lair:1)
  Psyche (D:8)
  4 cane toads (Lair:1)
  2 kobold demonologists (D:11)
  2 hornets
  2 trolls
  4 dream sheep (Lair:1)
  A slime creature (Lair:1)
  Sigmund (D:2)
  2 wraiths
  A vampire (D:10)
  A wyvern (D:8)
  3 yaks (D:11)
  3 basilisks
  2 steam dragons (D:8)
  Grum (D:8)
  An acid dragon (D:10)
  4 water moccasins
  2 black bears
  An ice beast (D:7)
  6 orc warriors
  3 centaurs
  3 wolves (D:8)
  The ghost of logorrheac the Twirler, an amateur GnWn (D:3)
  A phantom (D:5)
  7 bullfrogs
  2 kobold brigands
  2 gnoll sergeants
  2 necrophages (D:7)
  2 scorpions
  9 killer bees (D:10)
  An electric eel (D:7)
  8 jellies
  15 orc priests
  2 gnoll boudas
  Terence (D:2)
  12 orc wizards
  2 iguanas
  20 gnolls
  8 adders
  A shadow imp (D:7)
  2 white imps (D:7)
  A worm (D:2)
  2 dart slugs
  46 orcs
  7 ball pythons
  12 bats
  18 endoplasms
  5 giant cockroaches
  8 goblins
  9 hobgoblins
  6 jackals
  3 quokkas
  6 frilled lizards
  11 kobolds
  5 rats
293 creatures vanquished.

Vanquished Creatures (collateral kills)
  A two-headed ogre (D:11)
  An orc warrior (D:11)
  An orc priest (D:11)
  3 orcs (D:11)
6 creatures vanquished.

Vanquished Creatures (others)
  A bat (D:3)
  20 fungi
  2 plants
23 creatures vanquished.

Grand Total: 322 creatures vanquished

Notes
Turn   | Place    | Note
-------+----------+-------------------------------------------
     0 | D:1      | SensoryNuts the Minotaur Fighter began the quest for the
                  | Orb.
     0 | D:1      | Reached XP level 1. HP: 19/19 MP: 0/0
    27 | D:1      | Found a faded altar of an unknown god.
   207 | D:1      | Reached XP level 2. HP: 27/27 MP: 1/1
   508 | D:1      | Reached skill level 3 in Axes
   696 | D:1      | Reached XP level 3. HP: 33/33 MP: 2/2
   968 | D:2      | Noticed Terence
   974 | D:2      | Killed Terence
  1034 | D:2      | Reached XP level 4. HP: 39/40 MP: 3/3
  1047 | D:2      | Reached skill level 4 in Axes
  1047 | D:2      | HP: 2/40 [gnoll/+0 spear (3)]
  1725 | D:2      | Noticed Sigmund
  1731 | D:2      | Killed Sigmund
  1732 | D:2      | Reached skill level 5 in Axes
  1732 | D:2      | Reached skill level 5 in Armour
  1732 | D:2      | Reached XP level 5. HP: 47/47 MP: 4/4
  1732 | D:2      | Reached XP level 6. HP: 53/53 MP: 5/5
  1981 | D:2      | Identified a scroll of acquirement
  1983 | D:2      | Acquired 878 gold pieces
  2148 | D:3      | Found Jaducak's Jewellery Emporium.
  2166 | D:3      | Bought the ring of the Soothsayer {*Slow rElec rC+ rN+
                  | Str+5} for 529 gold pieces
  2316 | D:3      | Found a runed translucent door.
  2318 | D:3      | Noticed logorrheac's ghost (amateur GnWn)
  2381 | D:3      | Reached skill level 6 in Axes
  2498 | D:3      | Found a runed translucent door.
  2662 | D:3      | Killed logorrheac's ghost
  3382 | D:4      | Found a blossoming altar of Fedhas.
  3417 | D:4      | Reached skill level 7 in Axes
  3417 | D:4      | Reached XP level 7. HP: 34/60 MP: 6/6
  3849 | D:4      | Found a burning altar of Makhleb.
  3852 | D:4      | Found a snail-covered altar of Cheibriados.
  3855 | D:4      | Found a shimmering blue altar of Sif Muna.
  3988 | D:5      | Entered Level 5 of the Dungeon
  4047 | D:5      | Reached skill level 8 in Axes
  4050 | D:5      | Reached skill level 5 in Fighting
  4375 | D:5      | Reached skill level 9 in Axes
  4387 | D:5      | Reached XP level 8. HP: 51/68 MP: 7/7
  4802 | D:6      | Found a staircase to the Ecumenical Temple.
  4811 | Temple   | Entered the Ecumenical Temple
  5404 | D:6      | Reached skill level 5 in Shields
  5405 | D:6      | Reached skill level 10 in Axes
  5932 | D:7      | Reached skill level 11 in Axes
  6070 | D:7      | Identified the +3 leather armour of Analysis {Rampage +Inv
                  | rN+}
  6168 | D:7      | Found a flagged portal.
  6210 | D:7      | Reached XP level 9. HP: 71/75 MP: 8/8
  6235 | Bailey   | Entered a bailey
  6666 | D:7      | Reached skill level 12 in Axes
  6830 | D:7      | Found a radiant altar of Vehumet.
  6899 | D:7      | Gained mutation: Your body sometimes deteriorates upon
                  | taking damage. [potion of mutation]
  6899 | D:7      | Gained mutation: You are dopey. (Int -2) [potion of
                  | mutation]
  6899 | D:7      | Gained mutation: Your spells are a little harder to cast,
                  | but a little more powerful. [potion of mutation]
  7058 | D:8      | Noticed Grum
  7069 | D:8      | Killed Grum
  7163 | D:8      | Reached skill level 13 in Axes
  7455 | D:8      | Noticed a gargoyle
  7471 | D:8      | Killed a gargoyle
  7489 | D:8      | Reached XP level 10. HP: 21/84 MP: 9/9
  7766 | D:8      | Found a staircase to the Lair.
  7977 | D:8      | Paralysed by a hornet for 3 turns
  7984 | D:8      | Reached skill level 14 in Axes
  8070 | D:8      | Noticed Psyche
  8087 | D:8      | Killed Psyche
  8088 | D:8      | Reached skill level 1 in Dodging
  8818 | D:9      | Noticed a two-headed ogre
  8826 | D:9      | HP: 3/86 [two-headed ogre/+0 giant club (9)]
  9177 | D:9      | Killed a two-headed ogre
  9498 | D:9      | Found Atuoz's Jewellery Emporium.
  9533 | D:9      | Reached skill level 15 in Axes
  9759 | D:9      | Found a staircase to the Orcish Mines.
  9801 | D:9      | Noticed a two-headed ogre
  9809 | D:9      | Killed a two-headed ogre
 10052 | D:10     | Entered Level 10 of the Dungeon
 11174 | D:10     | Reached XP level 11. HP: 94/94 MP: 10/10
 11184 | D:10     | Found a portal to a secret trove of treasure.
 12041 | D:11     | Reached skill level 16 in Axes
 12045 | D:11     | Noticed a two-headed ogre
 12058 | D:11     | Killed a two-headed ogre
 12059 | D:11     | Reached skill level 10 in Armour
 12749 | D:11     | Noticed a cyan ugly thing
 12754 | D:11     | Killed a cyan ugly thing
 12864 | D:11     | Noticed an eight-headed hydra
 13734 | D:3      | Bought a +6 ring of strength for 396 gold pieces
 14135 | Lair:1   | Entered Level 1 of the Lair of Beasts
 15695 | Lair:2   | Noticed a seven-headed hydra
 16179 | Orc:1    | Entered Level 1 of the Orcish Mines
 16304 | Orc:1    | Found a runed translucent door.
 16359 | Orc:1    | Noticed Buenoph's ghost (journeyman DrCj)
 16587 | Orc:2    | Entered Level 2 of the Orcish Mines
 16588 | Orc:2    | Noticed Rupert
 16766 | Orc:1    | Mangled by Rupert

Illustrated notes

Levels and vault maps discovered:
D:1:      wander_arrival_abandoned_jail, layout_loops_ring,
          shapermc_ecumenical_altar_mp_ritualfount
D:2:      wad_crossroads, layout_loops_ring, minivault_11, uniq_sigmund,
          uniq_terence
D:3:      layout_loops_ring, serial_shops, nicolae_shop_hallway_stairs,
          ebering_ghost_sewer_f, lemuel_old_faithful
D:4:      layout_basic, fedhas_altar_3, grunt_temple_overflow_diamond
D:5:      layout_rooms, minmay_crystal_room
D:6:      layout_basic, minmay_temple_entry_proselytizer,
          nicolae_figureground_sparkle
D:7:      layout_cave_pools, lemuel_tele_altar, enter_bailey_4,
          kennysheep_cross_bottleneck, grunt_decor_arrowhead
D:8:      layout_loops_ring, erik_lair_dragon, uniq_psyche, uniq_grum
D:9:      layout_rooms, orc_0_dummy, serial_shops, shop,
          nicolae_concentric_dashed_squares_wild
D:10:     layout_irregular_city, enter_trove_6
D:11:     layout_cross, kennysheep_generic_room_10
Temple:   minmay_temple_bridge_d
Lair:1:   lemuel_slime, layout_cave_pods, grunt_megastairs_1
Lair:2:   layout_chaotic_city
Orc:1:    layout_caves, ebering_ghost_reflecting_pool
Orc:2:    st_orc_pillars, layout_diamond_mine, mines2_lemuel, uniq_nessos,
          uniq_rupert, uniq_erolcha

Skill      XL: |  1  2  3  4  5  6  7  8  9 10 11 |
---------------+----------------------------------+-----
Armour         | 4 5 6 7 9 11 | 11.7
Fighting       | 4 5 6 8 9 |  9.3
Axes           | 3 5 7 9 11 13 15 16 | 16.9
Shields        | 4 5 6 |  6.5
Dodging        | 1 |  1.5
Stealth        | |  0.7

Action                   |  1- 3 |  4- 6 |  7- 9 | 10-12 || total
-------------------------+-------+-------+-------+-------++-------
Melee: War axe           |    79 |   119 |   235 |   313 ||   746
       Headbutt          |     7 |    20 |    40 |    77 ||   144
  Use: Potion            |       |     8 |     8 |     4 ||    20
       Scroll            |       |     9 |     8 |    10 ||    27
Armor: Scale mail        |    56 |       |       |       ||    56
       Plate armour      |    13 |    80 |   169 |   145 ||   407
       Skin              |       |       |       |     1 ||     1
Dodge: Dodged            |    54 |    31 |    91 |    81 ||   257
       Repelled          |       |       |       |     1 ||     1
Block: Buckler           |    24 |    24 |    52 |    70 ||   170

Table legend: (Time is in decaauts)
 A = Elapsed time spent in this place.
 B = Non-inter-level travel time spent in this place.
 C = Inter-level travel time spent in this place.
 D = Time resting spent in this place.
 E = Time spent auto-exploring this place.
 F = Levels seen in this place.
 G = Mean time per level.
                   A        B        C        D        E       F      G
               +--------+--------+--------+--------+--------+-----+--------+
         Total |  16781 |  14435 |   2346 |   1258 |  11160 |  17 |  987.1 |
       Dungeon |  13930 |  12026 |   1904 |   1229 |   9080 |  11 | 1266.4 |
        Temple |    361 |    227 |    134 |      0 |    215 |   1 |  361.0 |
          Lair |   1886 |   1597 |    289 |      0 |   1460 |   2 |  943.0 |
  Orcish Mines |    583 |    564 |     19 |     29 |    400 |   2 |  291.5 |
        Bailey |     19 |     19 |      0 |      0 |      5 |   1 |   19.0 |
               +--------+--------+--------+--------+--------+-----+--------+

Top non-repeatable levels by time:
     D:8: 2452 daAuts
  Lair:1: 1825 daAuts
    D:10: 1625 daAuts
    D:11: 1338 daAuts
     D:3: 1324 daAuts
     D:7: 1158 daAuts
     D:2: 1145 daAuts
     D:6: 1139 daAuts
     D:9: 1053 daAuts
     D:4: 1023 daAuts
     D:1: 1009 daAuts
     D:5: 660 daAuts
   Orc:1: 577 daAuts
  Temple: 361 daAuts
  Lair:2: 60 daAuts
